Map: [ESL] Moondance

Players

ByuN - Winner!

  • Race: Terran Terran
  • Spawn Location: 6:00

Astrea

  • Race: Protoss Protoss
  • League: Master
  • Spawn Location: 12:00

Event: HomeStory Cup XXII

VOD

Have the link to the VOD?

Description

Time

  • Played on: Dec. 18, 2022, 2:41 p.m.
  • Length: 5:32

All games in this series

Show
View Real Time Build Order
Export as new Build Order

ByuN Terran - Winner!

Build Orders: Cyclone Opening 

Get SALT Encoding   

  12  0:00  SCV  
  13  0:12  SCV  
  14  0:16  Supply Depot  
  14  0:24  SCV  
  15  0:38  SCV  
  15  0:39  Barracks  
  15  0:42  Refinery  
  16  0:50  SCV  
  16  0:52  Refinery  
  17  1:02  Supply Depot  
  18  1:04  SCV  
  18  1:16  SCV  
  19  1:26  Reaper  
  19  1:28  Orbital Command  
  20  1:43  Factory  
  20  1:54  SCV  
  21  2:04  Barracks Reactor  
  21  2:06  SCV  
  22  2:18  SCV  
  23  2:25  Command Center  
  23  2:27  Factory Tech Lab  
  23  2:30  SCV  
  24  2:41  Marine x2  
  24  2:43  SCV  
  27  2:47  Cyclone  
  30  2:51  Supply Depot  
  30  2:56  SCV  
  31  3:03  Barracks  
  31  3:12  Marine x2  
  31  3:13  SCV  
  37  3:20  Siege Tank  
  37  3:25  SCV  
  38  3:30  Marine  
  39  3:36  Marine  
  39  3:39  Orbital Command  
  39  3:40  SCV  
  41  3:52  Barracks Tech Lab  
  41  3:53  Barracks  
  41  3:55  SCV  
  44  3:56  Siege Tank  
  43  4:07  SCV  
  43  4:09  SCV  
  45  4:16  Marine x2  
  47  4:19  SCV  
  47  4:21  SCV  
  48  4:24  Marine  
  48  4:34  Marine x2  
  48  4:35  SCV  
  50  4:40  Supply Depot, SCV  
  52  4:47  SCV  
  52  4:52  SCV  
  54  4:54  Marine  
  54  4:55  Barracks Tech Lab  
  54  5:01  Marine  
  54  5:02  Marine  
  54  5:06  SCV x2  
  58  5:08  Supply Depot  
  58  5:12  Marine  
  58  5:18  SCV x2  
Show
View Real Time Build Order
Export as new Build Order

Astrea Protoss 

Build Orders: 1 Gate Expand 

Get SALT Encoding   

  12  0:00  Probe  
  13  0:12  Probe  
  14  0:16  Pylon  
  14  0:24  Probe (Chrono Boost)  
  16  0:36  Gateway, Probe (Chrono Boost)  
  16  0:42  Probe (Chrono Boost)  
  16  0:45  Assimilator  
  17  0:51  Probe  
  18  1:03  Probe  
  19  1:15  Probe  
  20  1:24  Cybernetics Core  
  20  1:31  Nexus  
  20  1:34  Probe  
  21  1:41  Pylon  
  21  1:46  Probe  
  22  1:57  Warp Gate (Chrono Boost)  
  22  1:58  Probe  
  22  2:00  Stalker (Chrono Boost)  
  24  2:10  Probe  
  25  2:18  Pylon  
  25  2:22  Probe  
  26  2:23  Stalker  
  28  2:34  Probe  
  28  2:36  Gateway  
  29  2:43  Gateway  
  29  2:44  Probe  
  29  2:47  Probe  
  31  2:54  Stalker  
  31  2:58  Probe  
  34  3:05  Assimilator  
  34  3:06  Probe  
  34  3:10  Probe  
  36  3:18  Probe  
  37  3:22  Probe  
  38  3:32  Probe  
  39  3:34  Probe  
  39  3:36  Stalker x2  
  44  3:42  Stalker  
  44  3:44  Probe  
  47  3:49  Probe  
  48  3:56  Probe  
  48  4:01  Probe  
  50  4:03  Stalker x2  
  50  4:05  Stalker  
  54  4:11  Probe  
  54  4:13  Probe  
  54  4:23  Zealot, Probe  
  53  4:25  Pylon  
  53  4:28  Zealot  
  53  4:29  Probe  
  49  4:32  Zealot, Pylon  
  49  4:35  Robotics Facility  
  49  4:36  Probe  
  46  4:42  Assimilator  
  46  4:43  Assimilator  
  44  4:46  Probe  
  44  4:48  Probe  
  44  4:51  Stalker x2  
  48  4:56  Shield Battery  
  48  4:58  Probe  
  49  5:03  Probe  
  49  5:06  Gateway  
  50  5:10  Stalker  
  52  5:14  Stalker  
Tags
 
Add a new tag
Caveats
  • Supply blocks, unpowered buildings, or Contaminate may cause inaccurate times.
  • Supply counts are checked every 10 seconds.